 Dungeon Crawl Stone Soup version 0.18.1-5-g4a78601 (webtiles) character file.

116 RepoMan the Sneak (level 5, -8/30 HPs)
             Began as a Kobold Assassin on May 13, 2016.
             Killed by nerve-wracking pain
             ... invoked by Grinder
              (13 damage)
             ... while paralysed by Grinder
             ... on level 2 of the Dungeon.
             The game lasted 00:13:51 (1657 turns).

RepoMan the Sneak (Kobold Assassin)                 Turns: 1657, Time: 00:13:52

Health: -8/30      AC:  3    Str:  9    XL:     5   Next: 21%
Magic:  5/5        EV:  3    Int:  9    God:
Gold:   43         SH:  0    Dex: 19    Spells: 0 memorised, 4 levels left

rFire  . . .     SeeInvis .     a - +2 dagger
rCold  . . .     Gourm    .     c - +0 robe
rNeg   . . .     Faith    .     (shield restricted)
rPois  .         Spirit   .     (no helmet)
rElec  .         Dismiss  .     d - +0 cloak
rCorr  .         Reflect  .     (no gloves)
SustAt .         Harm     .     (no boots)
MR     .....                    (no amulet)
Stlth  ++++......               (no ring)
                                (no ring)

@: paralysed, not resistant to hostile enchantments, stealthy
A: carnivore 3
a: no special abilities


You were on level 2 of the Dungeon.
You were very full.

You visited 1 branch of the dungeon, and saw 3 of its levels.

You collected 43 gold pieces.

Inventory:

Hand Weapons
 a - a +2 dagger (weapon)
 b - a +0 blowgun
 l - a +3 dagger
Missiles
 e - 22 poisoned needles
 f - 2 curare-tipped needles
Armour
 c - a +0 robe (worn)
 d - a +0 cloak (worn)
 o - a +0 leather armour
Jewellery
 i - an uncursed ring of resist corrosion {unknown}
Wands
 q - a wand of flame (33/48)
Scrolls
 h - 2 scrolls of noise {unknown}
 j - a scroll of enchant armour {unknown}
 k - a scroll of identify {unknown}
 m - 3 scrolls of teleportation {unknown}
 n - a scroll of amnesia {unknown}
 p - a scroll of blinking {unknown}
 s - a scroll of fear {unknown}
Potions
 r - a potion of curing {unknown}
 t - a potion of degeneration {unknown}
Comestibles
 g - a meat ration


   Skills:
 - Level 2.1 Fighting
 * Level 4.2 Short Blades
 - Level 2.1 Throwing
 + Level 3.1 Dodging
 * Level 6.7 Stealth
 + Level 0.0 Evocations


You had 4 spell levels left.
You didn't know any spells.

Dungeon Overview and Level Annotations

Branches:
Dungeon (3/15)

Altars:

Annotations:
D:2 Grinder


Innate Abilities, Weirdness & Mutations

You are small and have problems with some larger weapons.
You are carnivorous and can eat meat at any time.


Message History

Grinder gestures at you.
You barely resist. Grinder gestures at you.
You suddenly lose the ability to move!
Grinder blinks!
You can move again.
You hear the slow rusting of a drain nearby.
There is a stone staircase leading up here.
Grinder hits you!
You writhe in agony. x2
You climb upwards.
There is a stone staircase leading down here.
Grinder says, "I used to sell toenails on the black market."
Grinder gestures at you.
You suddenly lose the ability to move!
Grinder hits you.
You writhe in agony.
Grinder hits you.
You writhe in agony.
* * * LOW HITPOINT WARNING * * *
Grinder gestures at you. Pain shoots through your body!
You die...

.(..##########.#.#
....'........#.#.#
....########.#.#.# ....#
#.###># ###### #.# #.#
.....#######.# #.#
.....'.......# #.#
.....######### #5# .....#
#@###### .....# #....<.#
.....# ######.# .....#
#.# .....###### #.#
##'##.....# #.####
#.##.....# #....#
#.##.....##############.#
#..'..................#.#


You could see Grinder.

Vanquished Creatures
  Terence (D:3)
  4 gnolls (D:2)
  An adder (D:2)
  A worm (D:2)
  2 dart slugs
  A giant gecko (D:2)
  A ball python (D:2)
  5 bats (D:2)
  A giant cockroach (D:3)
  3 hobgoblins
  8 jackals (D:2)
  A quokka (D:2)
  4 giant newts (D:2)
  2 kobolds (D:2)
  8 rats
43 creatures vanquished.

Notes
Turn   | Place    | Note
--------------------------------------------------------------
     0 | D:1      | RepoMan the Kobold Assassin began the quest for the Orb.
     0 | D:1      | Reached XP level 1. HP: 12/12 MP: 1/1
   459 | D:2      | Reached XP level 2. HP: 17/17 MP: 2/2
   675 | D:2      | Reached XP level 3. HP: 19/21 MP: 3/3
   822 | D:2      | Reached skill level 6 in Stealth
  1378 | D:2      | Reached XP level 4. HP: 26/26 MP: 4/4
  1605 | D:3      | Noticed Terence
  1614 | D:3      | Killed Terence
  1614 | D:3      | Reached XP level 5. HP: 30/30 MP: 5/5
  1631 | D:3      | Noticed Grinder
  1631 | D:3      | Paralysed by Grinder for 6 turns
  1641 | D:3      | Paralysed by Grinder for 4 turns
  1653 | D:2      | Paralysed by Grinder for 6 turns
  1657 | D:2      | Killed from afar by Grinder

Skill      XL: |  1  2  3  4 |
---------------+-------------+-----
Short Blades   | 3 4 |  4.2
Dodging        | 2 3 |  3.1
Stealth        | 6 |  6.7
Fighting       | |  2.1
Throwing       | |  2.1

Action                   |  1- 3 |  4- 6 || total
-------------------------+-------+-------++-------
Melee: Dagger            |    82 |    16 ||    98
 Fire: Blowgun           |     9 |    15 ||    24
 Stab: Sleeping          |    11 |     2 ||    13
  Eat: Chunk             |    10 |       ||    10
Armor: Robe              |    12 |     1 ||    13
Dodge: Dodged            |    49 |     7 ||    56
